 Dungeon Crawl Stone Soup version 0.27.1-34-g3ba077fa99 (webtiles) character file.

Game seed: 13188680896876582155

277 mcbry74 the Ruffian (level 6, 0/55 HPs)
             Began as a Troll Gladiator on Jan 30, 2022.
             Slain by a wyvern (13 damage)
             ... on level 4 of the Dungeon.
             The game lasted 00:06:08 (2387 turns).

mcbry74 the Ruffian (Troll Gladiator)               Turns: 2387, Time: 00:06:08

Health: 0/55       AC:  4    Str: 23    XL:     6   Next: 4%
Magic:  5/5        EV: 10    Int:  6    God:
Gold:   95         SH:  0    Dex: 11    Spells: 5/5 levels left

rFire    . . .     SeeInvis .     - Unarmed
rCold    . . .     Faith    .   (no shield)
rNeg     . . .     Spirit   .   a - +0 robe
rPois    .         Reflect  .   b - +0 hat
rElec    .         Harm     .   (no cloak)
rCorr    .         Rampage  .   (gloves unavailable)
Will     .....                  (boots unavailable)
Stlth    +.........             (no amulet)
HPRegen  1.18/turn              (no ring)
MPRegen  0.09/turn              (no ring)

@: no status effects
A: large, unfitting armour, claws 3, regeneration 1, shaggy fur 1, tough skin 1
a: no special abilities


You were on level 4 of the Dungeon.
You visited 1 branch of the dungeon, and saw 4 of its levels.

You collected 95 gold pieces.

Inventory:

Hand Weapons
 j - a +0 whip
 n - a +0 whip
Missiles
 c - a throwing net (quivered)
 q - 37 sling bullets
Armour
 a - a +0 robe (worn)
 b - a +0 hat (worn)
Scrolls
 e - 3 scrolls of identify {unknown}
 g - a scroll of noise {unknown}
 h - a scroll of magic mapping {unknown}
 m - a scroll of immolation {unknown}
 o - a scroll of amnesia {unknown}
Potions
 d - a potion of curing {unknown}
 f - 2 potions of might {unknown}
 i - a potion of lignification {unknown}
 k - a potion of brilliance {unknown}
 l - a potion of invisibility {unknown}
 p - a potion of degeneration {unknown}


   Skills:
 - Level 1.5 Fighting
 - Level 1.7 Throwing
 - Level 2.4 Dodging
 + Level 6.8 Unarmed Combat


You had 5 spell levels left.
You didn't know any spells.
Your spell library contained the following spells:

 Spells                   Type           Power      Damage    Failure   Level
 Animate Skeleton         Necr           0%         N/A       45%         1
 Corona                   Hex            0%         N/A       45%         1
 Pain                     Necr           0%         1d4       45%         1
 Vampiric Draining        Necr           0%         2d6       83%         3


Dungeon Overview and Level Annotations

Branches:
Dungeon (4/15)
 Temple: D:4-7

Altars:

Shops:
D:3 [   D:4 !


Innate Abilities, Weirdness & Mutations

You are too large for most types of armour.
You have claws for hands.
Your natural rate of healing is unusually fast.
You are covered in fur. (AC +1)
You have tough skin. (AC +1)


Message History

The wyvern is moderately wounded.
The wyvern bites you! x2
You scratch the wyvern. Your claw misses the wyvern.
The wyvern is moderately wounded.
The wyvern bites you!
* * * LOW HITPOINT WARNING * * *
You barely miss the wyvern.
The wyvern is moderately wounded.
The wyvern barely misses you.
Throw: 3 throwing nets
Press: ? - help, Q - select action Shift-Dir - straight line, f - wyvern
Aim: a wyvern (moderately wounded, 54% to hit)
You throw a throwing net.
The throwing net closely misses the wyvern.
The wyvern barely misses you. The wyvern bites you!
* * * LOW HITPOINT WARNING * * *
Throw: 2 throwing nets
Press: ? - help, Q - select action Shift-Dir - straight line, f/p - wyvern
Aim: a wyvern (moderately wounded, 54% to hit)
You throw a throwing net. The throwing net hits the wyvern.
The wyvern is caught in the net!
The wyvern is moderately wounded.
The wyvern struggles against the net.
You scratch the wyvern. You claw the wyvern.
The wyvern is heavily wounded.
The wyvern struggles against the net. x2
You scratch the wyvern.
The wyvern is heavily wounded.
The wyvern struggles against the net.
The net rips apart, and the wyvern comes free!
You scratch the wyvern.
The wyvern is heavily wounded.
The wyvern barely misses you.
You scratch the wyvern.
The wyvern is severely wounded.
The wyvern bites you but does no damage.
You scratch the wyvern.
The wyvern is almost dead.
The wyvern closely misses you. The wyvern bites you!
You die...

##### ###...#
.(...# #l..#
#@##
#######..##
......⌠.⌠.#####
######.∩.......
#....⌠.⌠#####.
#.####### #.#
##.#####.##
#.........#


You could see a wyvern.

Vanquished Creatures
  A scorpion (D:4)
  A wyvern skeleton (D:3)
  An orc priest (D:3)
  An orc wizard (D:2)
  2 adders (D:3)
  2 worms (D:3)
  4 dart slugs
  8 orcs
  5 endoplasms
  4 giant cockroaches
  9 goblins
  6 hobgoblins
  4 jackals (D:3)
  3 quokkas
  5 ball pythons
  12 bats
  2 frilled lizards (D:1)
  3 kobolds
  4 rats
77 creatures vanquished.

Notes
Turn   | Place    | Note
-------+----------+-------------------------------------------
     0 | D:1      | mcbry74 the Troll Gladiator began the quest for the Orb.
     0 | D:1      | Reached XP level 1. HP: 19/19 MP: 0/0
   205 | D:1      | Reached XP level 2. HP: 26/27 MP: 1/1
   422 | D:1      | Reached skill level 4 in Unarmed Combat
   565 | D:1      | Reached XP level 3. HP: 33/33 MP: 2/2
  1255 | D:2      | Reached skill level 5 in Unarmed Combat
  1255 | D:2      | Reached XP level 4. HP: 33/41 MP: 3/3
  1440 | D:3      | Reached XP level 5. HP: 40/48 MP: 4/4
  1801 | D:3      | Reached skill level 6 in Unarmed Combat
  1941 | D:3      | Found Tanobb's Antique Armour Shop.
  2094 | D:3      | Found a faded altar of an unknown god.
  2108 | D:3      | Got Plato's Papyrus of Malediction
  2335 | D:4      | Reached XP level 6. HP: 49/55 MP: 5/5
  2367 | D:4      | Found Lukauhil's Distillery.
  2375 | D:4      | Noticed a wyvern
  2387 | D:4      | Slain by a wyvern

Illustrated notes

Levels and vault maps discovered:
D:1:      giann_horns, layout_basic, serial_park_tiny_pond
D:2:      layout_loops_cross, serial_park_tiny_2
D:3:      layout_basic, shapermc_ecumenical_altar_rom_forum, serial_shops,
          shop_fountains
D:4:      layout_loops_ring, lemuel_temple_firewalk_b, serial_shops,
          shop_fountains

Skill      XL: |  1  2  3  4  5 |
---------------+----------------+-----
Unarmed Combat | 4 5 6 |  6.8
Fighting       | |  1.5
Throwing       | |  1.7
Dodging        | |  2.4

Action                   |  1- 3 |  4- 6 || total
-------------------------+-------+-------++-------
Melee: Unarmed           |    84 |    96 ||   180
       Punch             |     3 |     3 ||     6
Throw: Throwing net      |       |     2 ||     2
 Stab: Sleeping          |     2 |       ||     2
Armor: Robe              |    38 |    24 ||    62
Dodge: Dodged            |    38 |    56 ||    94
